 Dungeon Crawl Stone Soup version 0.21.1-1-g345015f (webtiles) character file.

158 Mirai the Magician (level 5, 0/28 HPs)
             Began as a Deep Elf Conjurer on Mar 26, 2018.
             Succumbed to an adder's poison
             ... on level 3 of the Dungeon.
             The game lasted 00:05:32 (2492 turns).

Mirai the Magician (Deep Elf Conjurer)              Turns: 2492, Time: 00:05:32

Health: 0/28       AC:  6    Str: 10    XL:     5   Next: 16%
Magic:  2/16       EV: 13    Int: 21    God:
Gold:   75         SH:  0    Dex: 15    Spells: 15/18 levels left

rFire    . . .     SeeInvis .   s - +0 short sword
rCold    . . .     Gourm    .   (no shield)
rNeg     . . .     Faith    .   l - +0 robe {MR+}
rPois    .         Spirit   .   v - +2 hat
rElec    .         Reflect  .   (no cloak)
rCorr    .         Harm     .   m - +0 pair of gloves
MR       +....                  u - +0 pair of boots
Stlth    ++........             k - amulet of inaccuracy (curse)
HPRegen  0.09/turn              n - ring of flight
MPRegen  0.15/turn              (no ring)

@: mighty, lethally poisoned (0 -> -2)
A: no striking features
a: Evoke Flight


You were on level 3 of the Dungeon.
You were not hungry.

You visited 1 branch of the dungeon, and saw 4 of its levels.

You collected 75 gold pieces.

Inventory:

Hand Weapons
 s - a +0 short sword (weapon)
Armour
 a - a +0 robe
 l - a +0 robe of magic resistance (worn)
 m - a +0 pair of gloves (worn)
 u - a +0 pair of boots (worn)
 v - a +2 hat (worn)
Jewellery
 g - an uncursed amulet of faith
 k - a cursed amulet of inaccuracy (around neck)
 n - a ring of flight (left hand)
Scrolls
 d - a scroll of noise {unknown}
 e - 2 scrolls of amnesia {unknown}
 h - a scroll of blinking {unknown}
 i - 3 scrolls of remove curse {unknown}
 o - a scroll of enchant armour {unknown}
 q - 2 scrolls of enchant weapon {unknown}
 r - 2 scrolls of teleportation {unknown}
 t - a scroll of immolation {unknown}
Books
 b - a book of Conjurations

   Spells                             Type                      Level
   a - Magic Dart                     Conjuration                  1
   b - Searing Ray                    Conjuration                  2
   c - Dazzling Spray                 Conjuration/Hexes            3
   d - Fulminant Prism                Conjuration/Hexes            4
   e - Force Lance                    Conjuration/Translocation    4
   f - Iskenderun's Mystic Blast      Conjuration                  4
Comestibles
 c - 5 rations
 j - a chunk of flesh


   Skills:
 - Level 2.4 Dodging
 - Level 2.4 Stealth
 + Level 7.3 Spellcasting
 - Level 4.3 Conjurations


You had 15 spell levels left.
You knew the following spells:

 Your Spells              Type           Power        Failure   Level  Hunger
a - Magic Dart            Conj           ####         1%          1    None
b - Searing Ray           Conj           ####..       1%          2    None


Dungeon Overview and Level Annotations

Branches:
Dungeon (4/15)
 Temple: D:4-7

Altars:
The Shining One


Message History

You kill the quokka!
Okay, then.
There is a lethal amount of poison in your body!
You see here a jackal corpse.
* * * LOW HITPOINT WARNING * * *
You feel sick.
Things that are here:
a jackal corpse; a leopard gecko corpse Butcher a jackal corpse? [(y)es/(c)hoosy/(n)o/(a)ll/(e)dible/(q)uit/?]
You butcher the jackal corpse.
You butcher the leopard gecko corpse.
Things that are here:
3 chunks of flesh; a chunk of flesh Unknown command.
Eat one of 2 chunks of flesh? (ye/n/q)
You eat one of the 2 chunks of flesh.
This raw flesh tastes terrible.
Okay, then.
You aren't carrying any potions.
Unknown command.
You die...

## .( .# .# .# .#
#######################.#.#..#
.............>†.@%.†.).......#
############.##########.#.#.##
# #.#......######## .# #
#......#......... .#
#####.#....#.######## .#
..........##.# .#
.............# .#
..........########## .#
..........'.........


There were no monsters in sight!

Vanquished Creatures
  Jessica (D:2)
  Terence (D:2)
  4 adders
  An ooze (D:1)
  2 leopard geckos (D:3)
  An orc (D:3)
  A ball python (D:2)
  3 goblins
  9 hobgoblins
  12 jackals
  4 quokkas
  8 bats
  5 frilled lizards
  9 kobolds
  2 rats (D:2)
63 creatures vanquished.

Notes
Turn   | Place    | Note
-------+----------+-------------------------------------------
     0 | D:1      | Mirai the Deep Elf Conjurer began the quest for the Orb.
     0 | D:1      | Reached XP level 1. HP: 10/10 MP: 6/6
   220 | D:1      | Reached skill level 4 in Spellcasting
   220 | D:1      | Reached XP level 2. HP: 9/15 MP: 1/9
   755 | D:1      | Learned a level 2 spell: Searing Ray
   829 | D:1      | Found a glowing golden altar of the Shining One.
  1006 | D:2      | Noticed Jessica
  1008 | D:2      | Killed Jessica
  1008 | D:2      | Reached skill level 5 in Spellcasting
  1008 | D:2      | Reached XP level 3. HP: 19/19 MP: 7/11
  1143 | D:2      | Noticed Terence
  1280 | D:2      | Reached skill level 6 in Spellcasting
  1280 | D:2      | Reached XP level 4. HP: 24/24 MP: 9/14
  1382 | D:2      | Killed Terence
  2437 | D:3      | Reached skill level 7 in Spellcasting
  2437 | D:3      | Reached XP level 5. HP: 22/28 MP: 10/16
  2488 | D:3      | HP: 1/28 [poisoned by an adder]
  2492 | D:3      | Succumbed to an adder's poison

Skill      XL: |  1  2  3  4 |
---------------+-------------+-----
Spellcasting   | 4 5 6 7 |  7.3
Dodging        | |  2.4
Stealth        | |  2.4
Conjurations   | |  4.3

Action                   |  1- 3 |  4- 6 || total
-------------------------+-------+-------++-------
Melee: Unarmed           |     4 |     1 ||     5
       Short sword       |       |     9 ||     9
 Cast: Magic Dart        |    69 |    46 ||   115
       Searing Ray       |       |     5 ||     5
  Use: Potion            |       |     3 ||     3
  Eat: Chunk             |     1 |     4 ||     5
Armor: Robe              |     3 |    18 ||    21
Dodge: Dodged            |    24 |    26 ||    50
